 Dungeon Crawl Stone Soup version 0.25-a0-413-g3b4b6a4ccc (webtiles) character file.

Game seed: 7372424177601449307, levelgen mode: deterministic

2 Gargoyl the Skirmisher (level 1, -1/19 HPs)
             Began as a Centaur Abyssal Knight on Jan 14, 2020.
             Was an Initiate of Lugonu.
             Slain by a hobgoblin
             ... wielding a +0 club
              (4 damage)
             ... on level 1 of the Dungeon.
             The game lasted 00:00:54 (229 turns).

Gargoyl the Skirmisher (Centaur Abyssal Knight)      Turns: 229, Time: 00:00:54

Health: -1/19      AC:  4    Str: 16    XL:     1   Next: 25%
Magic:  2/2        EV:  9    Int: 11    God:    Lugonu [......]
Gold:   93         SH:  0    Dex: 10    Spells: 0/0 levels left

rFire    . . .     SeeInvis .   d - +5 scimitar "Alaat" {protect, Str+2 Dex+2}
rCold    . . .     Gourm    .   (no shield)
rNeg     . . .     Faith    .   b - +0 leather armour
rPois    .         Spirit   .   (no helmet)
rElec    .         Reflect  .   (no cloak)
rCorr    .         Harm     .   (no gloves)
MR       .....                  (no barding)
Stlth    ..........             (no amulet)
HPRegen  0.06/turn              (no ring)
MPRegen  0.08/turn              (no ring)

@: very quick
A: large, hooves 3, deformed body, speed 2, tough skin 3
a: Renounce Religion


You were on level 1 of the Dungeon.
You worshipped Lugonu.
Lugonu was noncommittal.
You were not hungry.

You visited 1 branch of the dungeon, and saw 1 of its levels.
You visited the Abyss 1 time.

You collected 93 gold pieces.

Inventory:

Hand Weapons
 a - a +1 hand axe
 d - the +5 scimitar "Alaat" (weapon) {protect, Str+2 Dex+2}
   (You found it on level 3 of the Abyss)

   It grants its wielder temporary protection when it strikes (+7 to AC).
   It affects your strength (+2).
   It affects your dexterity (+2).
Armour
 b - a +0 leather armour (worn)
Scrolls
 g - a scroll of identify {unknown}
Potions
 e - a potion of flight
 f - 2 potions of agility {unknown}
Comestibles
 c - a ration


   Skills:
 + Level 3.0 Fighting
 - Level 1.7 Axes
 * Level 1.4 Armour
 * Level 0.6 Dodging
 * Level 2.0 Invocations


You couldn't memorise any spells.
You didn't know any spells.
Your spell library was empty.

Dungeon Overview and Level Annotations

Branches:
Dungeon (1/15)

Altars:


Innate Abilities, Weirdness & Mutations

You have hooves in place of feet.
Armour fits poorly on your strangely shaped body.
You cover ground very quickly.
You have extremely tough skin. (AC +3)


Message History

The leopard gecko bites you.
A gnoll comes into view. It is wielding a +0 whip.
You closely miss the leopard gecko. Your kick misses the leopard gecko.
The leopard gecko bites you.
A frilled lizard comes into view.
The leopard gecko bites you.
* * * LOW HITPOINT WARNING * * *
The frilled lizard hisses angrily.
You see here 6 gold pieces.
A giant cockroach comes into view.
Found a smoky brown potion and a leather armour.
Found a stone staircase leading down.
The giant cockroach waves its antennae.
A rat and a hobgoblin come into view.
The hobgoblin shouts!
The giant cockroach closely misses you. The giant cockroach bites you.
* * * LOW HITPOINT WARNING * * *
The hobgoblin hits you with a +0 club.
You die...

...# #..# #..#####
###....... #. .......# .
####..#.#.## .
####.......#..
....[..@.###.#
####..g.sr#..#
..........#.#######
####.....l.....K..######
#......#.#####..K.$..
#......#.# ########
#.#.####.# #.#. #.# # #.
#.# #


You could see a leopard gecko, a giant cockroach, a hobgoblin and a rat.

Vanquished Creatures
  A ball python (D:1)
  A frilled lizard (D:1)
2 creatures vanquished.

Notes
Turn   | Place    | Note
-------+----------+-------------------------------------------
     0 | Abyss:1  | Gargoyl the Centaur Abyssal Knight began the quest for the
                  | Orb.
     0 | Abyss:1  | Reached XP level 1. HP: 19/19 MP: 2/2
    54 | Abyss:2  | Noticed a large abomination
    75 | Abyss:2  | Noticed a small abomination
    94 | Abyss:2  | Noticed a chaos spawn
    99 | Abyss:3  | Found a corrupted altar of Lugonu.
   106 | Abyss:3  | Noticed an entropy weaver
   108 | Abyss:3  | Noticed an entropy weaver
   128 | Abyss:3  | Noticed a blizzard demon
   131 | Abyss:3  | Noticed a ynoxinul
   134 | Abyss:3  | Got a shimmering scimitar
   135 | D:1      | Escaped the Abyss
   136 | D:1      | Identified the +5 scimitar "Alaat" {protect, Str+2 Dex+2}
                  | (You found it on level 3 of the Abyss)
   229 | D:1      | Slain by a hobgoblin

Levels and vault maps discovered:
D:1:      nzn_arrival_settlement, layout_loops_ring

Action                   || total
-------------------------++-------
Melee: Scimitar          ||     4
Invok: Depart the Abyss  ||     1
  Use: Potion            ||     2
Armor: Leather armour    ||     2
Dodge: Dodged            ||     4
       Rpst.: Scimitar   ||     1

Table legend:
 A = Non-vault XP
 B = Vault XP
 C = Vault XP percentage of total XP
 D = Non-vault monster count
 E = Vault monster count
 F = Vault count percentage of total count
                 A         B        C        D         E       F
            +---------+---------+-------+---------+---------+-------
      Total |       3 |       0 |   0.0 |       2 |       0 |   0.0
            +---------+---------+-------+---------+---------+-------
        D:1 |       3 |       0 |   0.0 |       2 |       0 |   0.0
            +---------+---------+-------+---------+---------+-------
